AoeStats
← HR nomadplayer

Hill Fort

505998187Analyzed
4v4 RM · 21d ago on Sep 12, 2026· 65m 40s· 8 players
Game mode
Random Map
Map size
Large (8 player)
Population
200
Speed
Normal
Resources
Standard
Victory
Conquest
Starting age
Dark Age
Ending age
Imperial Age
RankedLock teamsTeams togetherTeam positionsShared explorationLock speedFull tech treeHidden civsTurbo modeCheats
Victory
Defeat
🇺🇸 Cumans · United States
1987
+13
🇭🇰 Tatars · Hong Kong SAR China
1789
+21
🇨🇦 Sicilians · Canada
1766
+22
🇹🇼 Wei · Taiwan
1739
+23
🇦🇺 Ethiopians · Australia
1991
-23
🇦🇺 Burgundians · Australia
1949
-22
🇨🇱 Portuguese · Chile
1871
-18
🇦🇷 Italians · Argentina
1814
-16
HR nomadplayer
8:50 Feudal Age
9:29 Double-Bit Axe
9:24 Horse Collar
17:10 Wheelbarrow
19:43 Castle Age
19:40 Loom
20:04 Light Cavalry
21:11 Bow Saw
21:02 Heavy Plow
24:08 Scale Barding Armor
33:42 Imperial Age
31:49 Hand Cart
31:20 Town Watch
34:41 Chain Barding Armor
34:31 Forging
34:32 Bloodlines
34:23 Husbandry
34:25 Gold Mining
34:26 Stone Mining
35:55 Plate Barding Armor
34:46 Cavalier
35:40 Caravan
36:34 Iron Casting
36:26 Conscription
38:59 Blast Furnace
40:17 Chemistry
39:24 Siege Engineers
39:39 Ballistics
41:04 Two-Man Saw
40:40 Crop Rotation
41:53 Elite Organ Gun
47:10 Bombard Tower
47:00 Masonry
46:31 Treadmill Crane
49:41 Arquebus
50:52 Coinage
59:36 Fletching
60:24 Architecture
64:14 Pikeman
65:26 Scale Mail Armor
65:02 Halberdier
Tulendeena
11:29 Feudal Age
12:43 Double-Bit Axe
15:24 Castle Age
13:33 Horse Collar
13:41 Double-Bit Axe
14:04 Horse Collar
15:22 Gold Mining
15:45 Loom
16:29 Bow Saw
16:20 Heavy Plow
16:03 Crossbowman
17:37 Fletching
22:05 Bodkin Arrow
25:04 Padded Archer Armor
26:31 Ballistics
27:08 Wheelbarrow
28:02 Town Watch
32:37 Imperial Age
31:20 Thumb Ring
33:29 Bracer
34:33 Chemistry
34:57 Fortified Wall
35:19 Arbalester
36:16 Leather Archer Armor
36:08 Capped Ram
38:22 Two-Man Saw
40:04 Caravan
43:34 Hand Cart
43:59 Ring Archer Armor
45:20 Torsion Engines
46:11 Siege Engineers
47:43 Onager
51:38 Siege Ram
59:28 Hand Cart
Gengar
11:09 Feudal Age
11:44 Feudal Age
15:26 Castle Age
13:13 Double-Bit Axe
13:30 Horse Collar
16:24 Bow Saw
16:20 Heavy Plow
17:04 Loom
18:14 Fletching
20:30 Bodkin Arrow
22:01 Medium Warships
22:55 Padded Archer Armor
31:30 Wheelbarrow
30:41 Town Watch
38:23 Ballistics
41:02 Imperial Age
39:58 Leather Archer Armor
40:21 Silk Road
40:12 Caravan
42:11 Hand Cart
42:12 Bracer
43:13 Chemistry
42:58 Squires
42:44 Arson
43:00 Scale Mail Armor
43:10 Forging
43:31 Conscription
43:54 Ring Archer Armor
49:59 Fortified Wall
54:01 Heavy Warships
54:22 Shipwright
56:45 Clinker Construction
57:11 Elite Genoese Crossbowman
59:05 Elite Cannon Galleon
60:45 Crop Rotation
62:16 Coinage
64:38 Bombard Tower
64:25 Murder Holes
64:41 Masonry
STORM | Noszombie
3:35 Double-Bit Axe
6:19 Horse Collar
11:24 Feudal Age
15:02 Castle Age
13:28 Heavy Plow
13:43 Bow Saw
13:37 Loom
17:11 Wheelbarrow
20:53 Hand Cart
22:44 Gold Mining
24:36 Scale Barding Armor
25:13 Fletching
31:20 Imperial Age
30:36 Chain Barding Armor
30:27 Forging
31:06 Burgundian Vineyards
31:39 Crop Rotation
32:11 Two-Man Saw
33:25 Plate Barding Armor
33:23 Conscription
35:28 Iron Casting
35:27 Caravan
36:27 Ballistics
37:13 Blast Furnace
37:02 Elite Coustillier
38:32 Treadmill Crane
39:03 Masonry
42:02 Chemistry
41:33 Architecture
42:28 Padded Archer Armor
43:24 Hoardings
42:46 Bodkin Arrow
44:05 Bracer
46:16 Bombard Tower
46:33 Squires
45:54 Pikeman
46:35 Scale Mail Armor
46:51 Leather Archer Armor
48:24 Cavalier
49:05 Husbandry
49:22 Chain Mail Armor
49:56 Guilds
49:34 Paladin
51:45 Plate Mail Armor
62:28 Light Cavalry
63:48 Hussar
Mununez
5:42 Loom
8:26 Feudal Age
8:59 Double-Bit Axe
9:28 Horse Collar
16:15 Wheelbarrow
15:36 Town Watch
20:15 Castle Age
18:34 Gold Mining
19:36 Scale Barding Armor
20:22 Bloodlines
21:22 Chain Barding Armor
21:29 Bow Saw
24:43 Forging
27:39 Hand Cart
28:47 Gold Shaft Mining
33:15 Imperial Age
30:34 Pikeman
31:14 Squires
31:16 Scale Mail Armor
32:29 Chain Mail Armor
32:41 Stone Mining
33:18 Halberdier
34:29 Plate Mail Armor
34:58 Iron Casting
34:50 Onager
36:07 Siege Onager
38:03 Capped Ram
39:10 Siege Ram
43:05 Blast Furnace
42:16 Masonry
44:07 Caravan
44:45 Fletching
45:17 Ballistics
49:36 Bodkin Arrow
50:43 Chemistry
51:02 Coinage
50:34 Man-at-Arms
53:47 Conscription
54:35 Two-Man Saw
54:34 Plate Barding Armor
53:20 Cavalier
54:48 Conscription
54:54 Light Cavalry
55:49 Hussar
56:32 Steppe Husbandry
58:46 Paladin
64:15 Banking
63:57 Guilds
64:28 Heavy Plow
[hkbb] Munzo__
8:14 Loom
8:37 Loom
10:49 Feudal Age
11:20 Horse Collar
16:44 Castle Age
15:00 Double-Bit Axe
16:56 Fletching
17:28 Heavy Plow
17:48 Bow Saw
18:51 Elite Skirmisher
20:51 Town Watch
22:12 Bodkin Arrow
24:18 Ballistics
24:46 Wheelbarrow
26:13 Hand Cart
27:02 Gold Mining
27:03 Stone Mining
29:27 Gold Shaft Mining
30:16 Forging
30:06 Scale Mail Armor
32:53 Imperial Age
31:02 Stone Shaft Mining
32:01 Masonry
32:10 Chain Mail Armor
32:31 Iron Casting
31:57 Squires
34:10 Plate Mail Armor
33:53 Bracer
34:54 Chemistry
33:58 Arrowslits
35:17 First Crusade
35:18 Conscription
34:48 Elite Serjeant
34:54 Elite Serjeant
37:51 Blast Furnace
37:30 Crop Rotation
37:14 Fishing Lines
39:39 Siege Engineers
39:56 Capped Ram
40:37 Arson
40:37 Gambesons
40:26 Pikeman
42:11 Scale Barding Armor
41:35 Siege Ram
41:59 Light Cavalry
42:49 Bloodlines
42:40 Husbandry
43:39 Chain Barding Armor
43:15 Halberdier
44:05 Caravan
45:24 Plate Barding Armor
53:35 Heavy Scorpion
54:32 Cavalier
55:56 Hauberk
57:26 Coinage
64:18 Onager
65:40 Siege Onager
tokey354
10:51 Feudal Age
15:02 Castle Age
13:41 Double-Bit Axe
14:32 Horse Collar
14:39 Loom
15:49 Fletching
17:05 Bodkin Arrow
18:32 Padded Archer Armor
20:37 Leather Archer Armor
21:55 Bow Saw
28:31 Heavy Plow
29:06 Ballistics
32:39 Wheelbarrow
33:20 Bloodlines
33:10 Husbandry
34:59 Hand Cart
35:06 Thumb Ring
38:33 Imperial Age
36:22 Tuntian
38:38 Town Watch
39:16 Bracer
38:38 Light Cavalry
40:11 Ring Archer Armor
40:06 Conscription
40:13 Conscription
40:36 Scale Barding Armor
40:42 Forging
42:00 Parthian Tactics
42:00 Parthian Tactics
42:32 Chain Barding Armor
43:24 Iron Casting
42:50 Gold Mining
43:35 Hussar
44:22 Scale Mail Armor
46:18 Blast Furnace
45:49 Crop Rotation
45:03 Elite Skirmisher
46:47 Caravan
46:10 Elite Tiger Cavalry
47:48 Chain Mail Armor
52:52 Town Patrol
52:47 Pikeman
53:28 Squires
55:13 Gold Shaft Mining
54:30 Stone Mining
56:28 Chemistry
58:23 Halberdier
61:54 Capped Ram
63:35 Siege Ram
63:51 Siege Ram
64:34 Heavy Hei Guang Cavalry
65:22 Siege Ram
Hui
11:17 Feudal Age
15:25 Castle Age
14:12 Loom
15:21 Double-Bit Axe
15:17 Horse Collar
17:41 Bow Saw
23:06 Town Watch
28:05 Fletching
30:10 Medium Warships
34:02 Wheelbarrow
38:24 Imperial Age
36:50 Hand Cart
36:36 Heavy Plow
36:27 Gold Mining
36:28 Stone Mining
36:03 Elite Skirmisher
36:58 Padded Archer Armor
37:54 Bodkin Arrow
39:04 Leather Archer Armor
39:10 Bracer
39:38 Ballistics
40:21 Chemistry
41:24 Ring Archer Armor
42:54 Conscription
42:47 Timurid Siegecraft
42:35 Heavy Cavalry Archer
44:36 Fortified Wall
44:32 Siege Engineers
46:23 Capped Ram
47:45 Caravan
48:58 Siege Ram
50:30 Town Patrol
51:02 Silk Armor
52:42 Squires
52:03 Pikeman
52:44 Scale Mail Armor
52:55 Forging
59:08 Coinage
61:24 Banking
61:05 Guilds
64:40 Iron Casting
66:42 Blast Furnace
65:29 Arson
65:05 Halberdier
65:54 Scale Barding Armor
Connection lost

Rejoining the realm…

Still unreachable

The connection could not be restored.

Session expired

The server has moved on; the page needs a fresh start.